 Dungeon Crawl Stone Soup version 0.16.2-2-g470672f (webtiles) character file.

16 dvd the Stinger (level 2, -1/17 HPs)
             Began as an Octopode Venom Mage on Aug 28, 2015.
             Slain by Ijyb
             ... wielding a +0 club
              (5 damage)
             ... on level 2 of the Dungeon.
             The game lasted 00:10:56 (865 turns).

dvd the Stinger (Octopode Venom Mage)                Turns: 865, Time: 00:10:56

Health: -1/17      AC:  1    Str:  7    XL:     2   Next: 54%
Magic:  0/4        EV: 12    Int: 17    God:
Gold:   31         SH:  0    Dex: 12    Spells: 2 memorised, 2 levels left

rFire  . . .     SeeInvis .     d - +0 hand axe
rCold  . . .     Clarity  .     (no shield)
rNeg   . . .     SustAb   .     (helmet restricted)
rPois  .         Gourm    .     (no amulet)
rElec  .         Spirit   .     (no ring)
rCorr  .         Warding  .     (no ring)
rMut   .         Stasis   .     (no ring)
MR     .....                    (no ring)
Stlth  +++.......               (no ring)
                                (no ring)
                                (no ring)
                                (no ring)

@: very slightly contaminated, not resistant to hostile enchantments, fairly
stealthy
A: almost no armour, amphibious, 8 rings, constrict 8, camouflage 1, gelatinous
body 1
a: no special abilities


You were on level 2 of the Dungeon.
You were not hungry.

You visited 1 branch of the dungeon, and saw 2 of its levels.

You collected 31 gold pieces.

Inventory:

Hand weapons
 d - a +0 hand axe (weapon)
Missiles
 a - 20 arrows
 j - 5 silver javelins (quivered)
Scrolls
 e - 2 scrolls of remove curse {unknown}
 g - 2 scrolls of identify {unknown}
 i - a scroll of random uselessness {unknown}
Potions
 h - a potion of mutation {unknown}
Books
 b - a Young Poisoner's Handbook

   Spells                             Type                      Level
   a - Sting                          Conjuration/Poison           1
   b - Cure Poison                    Poison                       2
   c - Mephitic Cloud                 Conjuration/Poison/Air       3
   d - Olgreb's Toxic Radiance        Poison                       4
   e - Venom Bolt                     Conjuration/Poison           5
Comestibles
 c - 3 bread rations
 f - a beef jerky
 k - a slice of pizza


   Skills:
 + Level 2.0 Dodging
 + Level 2.6 Stealth
 + Level 2.0 Spellcasting
 + Level 0.8 Conjurations
 + Level 5.4 Poison Magic


You had 2 spell levels left.
You knew the following spells:

 Your Spells              Type           Power        Failure   Level  Hunger
a - Sting                 Conj/Pois      ##..         6%          1    #......
b - Cure Poison           Pois           ###.......   3%          2    ###....


Dungeon Overview and Level Annotations

Branches:
Dungeon (2/15)

Altars:

Annotations:
D:2 Ijyb


Innate Abilities, Weirdness & Mutations

You cannot wear most types of armour.
You are amphibious.
You can wear up to eight rings at the same time.
You can use your tentacles to constrict many enemies at once.
Your skin changes colour to match your surroundings (Stealth).
Your rubbery body absorbs attacks (AC +1).


Message History

You hit Ijyb but do no damage. Your grab misses Ijyb.
Ijyb is severely wounded.
Ijyb barely misses you.
You closely miss Ijyb. You grab Ijyb. Your squeeze misses Ijyb.
Ijyb is severely wounded.
You constrict Ijyb, but do no damage. Ijyb hits you with a club.
Ijyb hits you but does no damage.
You barely miss Ijyb. You squeeze Ijyb, but do no damage.
Ijyb is severely wounded.
You constrict Ijyb, but do no damage. Ijyb hits you with a club.
* * * LOW HITPOINT WARNING * * *
Casting: Sting
Confirm with . or Enter, or press ? or * to list all spells.
Aiming: Sting
Press: ? - help, Shift-Dir - straight line, f/p - Ijyb
Aim: Ijyb, wielding a club and wearing a leather armour (severely wounded, constricted by you)
The sting hits Ijyb.
Ijyb is severely wounded.
You constrict Ijyb, but do no damage. Ijyb hits you with a club.
You die...

# ########## ..
#........# #.#
#.######.#
##...#####.#
#........#.######.#
#.##..............#
#
#...........g.##..#
. ....##########@#
..((. #.# # #.# #
#.# .# #.# ..###
##.##....#
###........#
#.......#....
#.#...#....#


You could see Ijyb.

Vanquished Creatures
  A giant gecko (D:1)
  2 hobgoblins
  2 jackals (D:1)
  3 bats
  2 giant newts
  2 goblins
  2 kobolds
14 creatures vanquished.

Notes
Turn   | Place    | Note
--------------------------------------------------------------
     0 | D:1      | dvd, the Octopode Venom Mage, began the quest for the Orb.
     0 | D:1      | Reached XP level 1. HP: 11/11 MP: 3/3
   132 | D:1      | Reached skill level 5 in Poison Magic
   424 | D:1      | Reached XP level 2. HP: 17/17 MP: 1/4
   640 | D:1      | Learned a level 2 spell: Cure Poison
   844 | D:2      | Noticed Ijyb
   865 | D:2      | Slain by Ijyb

Action                   || total
-------------------------++-------
Melee: Unarmed           ||     8
       Hand axe          ||     9
Throw: Javelin           ||     3
 Cast: Sting             ||    21
